 Dungeon Crawl Stone Soup version 0.31-a0-426-g3a05650e59 (webtiles) character file.

Game seed: 14955891817116914180

123 LeprechaunX the Ruffian (level 5, 0/34 HPs)
             Began as an Octopode Shapeshifter on July 31, 2023.
             Slain by a hell rat (12 damage)
             ... in a sewer.
             The game lasted 00:02:02 (1495 turns).

LeprechaunX the Ruffian (Octopode Shapeshifter)     Turns: 1495, Time: 00:02:03

Health: 0/34       AC:  1    Str: 16    XL:     5   Next: 7%
Magic:  5/5        EV: 13    Int: 10    God:
Gold:   34         SH:  0    Dex: 13    Spells: 4/4 levels left

rFire   . .          .
                       - Unarmed
rCold   . . .        (no shield)
rNeg    . . .        (helmet currently unavailable)
rPois   .            g - amulet of regeneration
rElec   .            f - ring of willpower
rCorr   .            (no ring)
SInv    .            (no ring)
Will    +....        (no ring)
Stlth   ++           (no ring)
HPRegen 1.05/turn    (no ring)
MPRegen 0.09/turn    (no ring)
                     (no ring)

%: no passive effects
@: beast-form
A: beast (slay +2), almost no armour, amphibious, 8 rings, camouflage 1,
gelatinous body 1, (nimble swimmer 1), tentacles
a: Begin Untransformation


You were in a sewer.
You were a hulking beast.
You visited 1 branch of the dungeon, and saw 3 of its levels.
You also visited: Sewer.

You collected 34 gold pieces.

Inventory:

Missiles
 d - 3 javelins (quivered)
Jewellery
 f - a ring of willpower (left tentacle)
 g - an amulet of regeneration (around mantle)
Talismans
 b - a beast talisman (active)
Scrolls
 c - a scroll of brand weapon {unknown}
 e - 2 scrolls of teleportation {unknown}
 i - a scroll of fog {unknown}
 j - a scroll of vulnerability {unknown}
 o - a scroll of poison {unknown}
Potions
 a - 3 potions of lignification
 h - a potion of ambrosia {unknown}
 k - a potion of heal wounds {unknown}
 l - a potion of degeneration {unknown}
 m - a potion of berserk rage {unknown}
 n - a potion of invisibility {unknown}


   Skills:
 + Level 2.1 Fighting
 + Level 2.8 Dodging
 * Level 4.2 Unarmed Combat
 + Level 3.4 Shapeshifting


You had 4 spell levels left.
You didn't know any spells.
Your spell library contained the following spells:

 Spells                   Type           Power      Damage    Failure   Level
 Animate Dead             Necr           0%         N/A       98%         4
 Haunt                    Necr/Summ      0%         N/A       100%        7
 Infestation              Necr           0%         N/A       100%        8


Dungeon Overview and Level Annotations

Branches:
Dungeon (3/15)              Sewer (1/1)

Altars:


Innate Abilities, Weirdness & Mutations

You are a hulking beast.
Your limbs bulge with bestial killing power. (Slay +2)
You cannot wear most types of armour.
You are amphibious.
You can wear up to eight rings at the same time.
Your skin changes colour to match your surroundings (Stealth+).
Your rubbery body absorbs attacks. (AC +1, EV +1)
((You are camouflaged when in or above water. (Stealth+)))
You have tentacles for arms and can constrict up to eight enemies at once.


Message History

No target in view!
No target in view!
HP restored.
Things that are here:
a rat corpse; a rat corpse You open the door.
A hell rat comes into view.
Found four items.
Found a gate leading back out of this place.
A hell rat is nearby!
A hell rat is nearby!
Found a glowing golden potion and 2 scrolls labelled UTIM PEEDA SAA.
There is an open door here.
You enter the shallow water.
A river rat comes into view.
The hell rat roars deafeningly!
Things that are here:
a rat corpse; a rat corpse Throw: 5 javelins
Press: ? - help, Q - select action Shift-Dir - straight line, f - hell rat
Aim: a hell rat (59% to hit)
You throw a javelin.
The javelin pierces through the hell rat but does no damage.
The javelin closely misses the river rat.
You hear a splash.
The hell rat bites you!
Throw: 4 javelins
Press: ? - help, Q - select action Shift-Dir - straight line, f/p - hell rat
Aim: a hell rat (57% to hit)
You throw a javelin.
The javelin closely misses the hell rat.
The javelin pierces through the river rat!
The river rat is severely wounded.
You hear a splash.
The hell rat bites you! The hell rat closely misses you.
You closely miss the hell rat. Your grab misses the hell rat.
You squeeze the hell rat.
The hell rat is moderately wounded.
The hell rat bites you!
You die...

#.~~..∩~.~~~###
~..~~#####.~~~.#
~~.###?∩?###.~~##
..##.!/?!?~##†~.#
~ #~~.~~~...#.~.#
.. .~~~~~~##~..#
~..# #~~.###.†~##
..~~~##'##...~~#
#~(...r.rh~~###
###~.~...~###
#########


You could see a hell rat and a river rat.

Vanquished Creatures
  3 river rats
  2 adders
  2 worms (D:3)
  A dart slug (D:1)
  5 orcs (D:3)
  6 bats (D:1)
  2 endoplasms
  4 giant cockroaches
  7 goblins
  5 hobgoblins
  3 jackals (D:1)
  5 quokkas
  4 ball pythons (D:1)
  2 kobolds (D:1)
  14 rats
65 creatures vanquished.

Notes
Turn   | Place    | Note
-------+----------+-------------------------------------------
     0 | D:1      | LeprechaunX the Octopode Shapeshifter began the quest for
                  | the Orb.
     0 | D:1      | Reached XP level 1. HP: 13/13 MP: 1/1
    67 | D:1      | Reached XP level 2. HP: 14/18 MP: 2/2
   362 | D:1      | Reached XP level 3. HP: 23/23 MP: 3/3
   504 | D:1      | Found a faded altar of an unknown god.
  1323 | D:3      | Reached XP level 4. HP: 19/29 MP: 4/4
  1333 | D:3      | Reached skill level 4 in Unarmed Combat
  1451 | D:3      | Found a glowing drain.
  1458 | Sewer    | Entered a sewer
  1473 | Sewer    | Reached XP level 5. HP: 34/34 MP: 5/5
  1495 | Sewer    | Slain by a hell rat

Illustrated notes

Levels and vault maps discovered:
D:1:      ldierk_walled_garden_2, layout_loops_corners,
          shapermc_ecumenical_altar_notcrosses
D:2:      layout_basic, palyth_stone_intersect
D:3:      layout_basic, gup_sewer_entry_bubbles, uniq_jessica
Sewer:    sewer_hellmonk_bad_rat

Skill      XL: |  1  2  3  4 |
---------------+-------------+-----
Unarmed Combat | 4 |  4.2
Fighting       | 2 |  2.1
Dodging        | |  2.8
Shapeshifting  | |  3.4

Action                     |  1- 3 |  4- 6 || total
---------------------------+-------+-------++-------
  Melee: Unarmed           |    79 |    38 ||   117
         Constrict         |    18 |    12 ||    30
         Tentacles         |     8 |     8 ||    16
         Punch             |     1 |     2 ||     3
  Throw: Javelin           |       |     2 ||     2
   Stab: Sleeping          |     3 |     4 ||     7
 Armour: Skin              |     3 |     1 ||     4
  Dodge: Dodged            |    43 |    10 ||    53

Table legend: (Time is in decaauts)
 A = Elapsed time spent in this place.
 B = Non-inter-level travel time spent in this place.
 C = Inter-level travel time spent in this place.
 D = Time resting spent in this place.
 E = Time spent auto-exploring this place.
 F = Levels seen in this place.
 G = Mean time per level.
                   A        B        C        D        E       F      G
               +--------+--------+--------+--------+--------+-----+--------+
         Total |   1486 |   1433 |     53 |     17 |   1065 |   4 |  371.5 |
       Dungeon |   1450 |   1397 |     53 |     17 |   1058 |   3 |  483.3 |
         Sewer |     36 |     36 |      0 |      0 |      7 |   1 |   36.0 |
               +--------+--------+--------+--------+--------+-----+--------+

Top non-repeatable levels by time:
     D:1: 973 daAuts
     D:2: 336 daAuts
     D:3: 139 daAuts
   Sewer: 36 daAuts
